 Dungeon Crawl Stone Soup version 0.29.0-4-gdea44cf6ec (webtiles) character file.

Game seed: 6076519372147384049

523 qw the Chopper (level 7, -1/40 HPs)
             Began as a Tengu Warper on Aug 28, 2022.
             Slain by a gnoll
             ... wielding a +0 spear
             ... led by a gnoll bouda
              (3 damage)
             ... on level 5 of the Dungeon.
             The game lasted 00:00:25 (4501 turns).

qw the Chopper (Tengu Warper)                       Turns: 4501, Time: 00:00:25

Health: -1/40      AC: 11    Str: 13 (14) XL:     7   Next: 22%
Magic:  11/11      EV:  5    Int: 13      God:
Gold:   224        SH:  0    Dex: 11 (13) Spells: 10/10 levels left

rFire   . . .      SeeInvis .   Y - +3 hand axe
rCold   . . .      Faith    .   (no shield)
rNeg    . . .      Spirit   .   m - +0 plate armour
rPois   .          Reflect  .   (helmet restricted)
rElec   .          Harm     .   (no cloak)
rCorr   .          Rampage  .   (no gloves)
Will    .....                   (boots unavailable)
Stlth   ..........              (no amulet)
HPRegen 0.13/turn               (no ring)
MPRegen 0.12/turn               (no ring)

@: flying quickly and evasively, quick
A: beak, talons 3, nimble flight
a: no special abilities


You were on level 5 of the Dungeon.
You visited 1 branch of the dungeon, and saw 5 of its levels.

You collected 224 gold pieces.


Innate Abilities, Weirdness & Mutations

You have a beak for a mouth.
You have claws for feet.
Your magical nature lets you fly swiftly and evasively.


   Skills:
 + Level 2.8 Fighting
 - Level 7.1 Axes
 - Level 1.0 Throwing
 - Level 3.7 Armour
 - Level 2.1 Dodging
 - Level 2.0 Spellcasting
 - Level 2.4 Translocations


You had 10 spell levels left.
You didn't know any spells.
Your spell library contained the following spells:

 Spells                   Type           Power      Damage    Failure   Level
 Blink                    Tloc           14%        N/A       100%        2
 Gell's Gravitas          Tloc           7%         N/A       100%        3
 Lesser Beckoning         Tloc           7%         N/A       100%        3
 Teleport Other           Tloc           7%         N/A       100%        3
 Manifold Assault         Tloc           7%         N/A       100%        5

Inventory:

Hand Weapons
 e - a +0 whip
 Y - a +3 hand axe (weapon)
Missiles
 a - 4 boomerangs
 j - 2 javelins (quivered)
Armour
 m - a +0 plate armour (worn)
Scrolls
 c - a scroll of identify
Potions
 b - a potion of magic {unknown}
 d - a potion of curing {unknown}
 h - a potion of haste {unknown}
 i - a potion of might {unknown}
 n - a potion of cancellation {unknown}

Dungeon Overview and Level Annotations

Branches:
Dungeon (5/15)
 Temple: D:4-7

Altars:
Fedhas
Kikubaaqudgha
The Shining One

Shops:
D:2 :


Message History

The jackal bites you but does no damage.
The gnoll barely misses you.
The jackal bites you but does no damage.
You hit the jackal but do no damage. You claw the jackal.
Your peck misses the jackal.
The jackal is moderately wounded.
The jackal bites you but does no damage.
The gnoll hits you but does no damage.
You hit the jackal.
You kill the jackal!
The gnoll completely misses you.
You closely miss the adder. Your kick misses the adder.
Your peck misses the adder. The adder barely misses you.
The gnoll hits you but does no damage.
You closely miss the adder. Your kick misses the adder. You peck the adder.
The adder is moderately wounded.
The adder bites you.
The gnoll hits you from afar with a +0 spear.
The adder bites you but does no damage.
You closely miss the adder. You claw the adder, but do no damage.
The adder is moderately wounded.
The adder barely misses you.
The gnoll hits you from afar with a +0 spear.
You hit the adder.
The adder is severely wounded.
The adder bites you but does no damage. The gnoll barely misses you.
You hit the adder.
You kill the adder!
The gnoll hits you but does no damage.
You slash the gnoll! You claw the gnoll, but do no damage.
The gnoll is severely wounded.
The gnoll hits you but does no damage. The gnoll closely misses you.
You closely miss the gnoll. You claw the gnoll.
You kill the gnoll!
The gnoll barely misses you.
Items here: %%%%% )).
You completely miss the gnoll. You claw the gnoll. Your peck misses the gnoll.
The gnoll is moderately wounded.
The gnoll hits you with a +0 spear.
You die...

# #. #.# #. ### ..###.
..# #.#.# #.# #...#
### #.# #...###.....
#.# #...@....# #.#
######..##g.#.#
#.######......(# g.#
.........####..h.(....
......#### #.###.....
#####.# #.# .##..# #.#
#.# .# ..# #.# #$. ..
.# #.# ...


You could see 2 gnolls.

Vanquished Creatures
  A black bear (D:5)
  2 scorpions (D:4)
  A hound (D:4)
  2 iguanas
  An orc wizard (D:4)
  8 adders
  3 gnolls (D:5)
  2 ufetubi
  2 dart slugs
  3 worms
  2 orcs (D:4)
  5 ball pythons
  7 endoplasms
  4 giant cockroaches
  8 goblins
  4 hobgoblins
  6 jackals
  A quokka (D:3)
  9 bats
  3 frilled lizards
  7 kobolds
  3 rats
84 creatures vanquished.

Vanquished Creatures (others)
  2 withered plants (D:3)
2 creatures vanquished.

Grand Total: 86 creatures vanquished

Notes
Turn   | Place    | Note
-------+----------+-------------------------------------------
     0 | D:1      | qw the Tengu Warper began the quest for the Orb.
     0 | D:1      | Reached XP level 1. HP: 12/12 MP: 4/4
     0 | D:1      | 0 ||| qw: Version: 0.1-a-89-g26bdef1
     0 | D:1      | 0 ||| qw: Game counter: 1554
     0 | D:1      | 0 ||| qw: Always use a shield: true
     0 | D:1      | 0 ||| qw: God list: Okawaru
     0 | D:1      | 0 ||| qw: Allow faded altars: false
     0 | D:1      | 0 ||| qw: Do Orc after D:15 true
     0 | D:1      | 0 ||| qw: Do second Lair branch before Depths: true
     0 | D:1      | 0 ||| qw: Lair rune preference: random
     0 | D:1      | 0 ||| qw: Plans: Normal
     0 | D:1      | 0 ||| PLANNING D:1-11
     5 | D:1      | 5 ||| Stepping ~*~*~tactically~*~*~ (hiding).
     9 | D:1      | 9 ||| Stepping ~*~*~tactically~*~*~ (hiding).
    88 | D:1      | 88 ||| Stepping ~*~*~tactically~*~*~ (stealth).
    94 | D:1      | Reached XP level 2. HP: 17/17 MP: 6/6
   109 | D:1      | Reached skill level 3 in Axes
   340 | D:1      | 340 ||| Stepping ~*~*~tactically~*~*~ (stealth).
   342 | D:1      | 342 ||| Stepping ~*~*~tactically~*~*~ (stealth).
   684 | D:1      | 684 ||| UPGRADING to +0 chain mail.
   694 | D:1      | 694 ||| DROPPING +0 leather armour.
   695 | D:1      | 695 ||| READING scroll labelled SUASMU IDUTS.
   696 | D:1      | 696 ||| READING scroll labelled CEASHRIWELAU.
   797 | D:1      | 797 ||| READING scroll labelled EFACON VILUAZA.
   798 | D:1      | 798 ||| DRINKING 2 smoky ruby potions.
   899 | D:1      | 899 ||| DROPPING scroll of blinking.
   900 | D:1      | 900 ||| DROPPING potion of ambrosia.
   932 | D:2      | 932 ||| STAIRDANCE
   986 | D:2      | Reached XP level 3. HP: 18/21 MP: 7/7
   986 | D:2      | 986 ||| FLEEEEING.
   987 | D:2      | 987 ||| FLEEEEING.
   988 | D:2      | 988 ||| FLEEEEING.
   991 | D:2      | 991 ||| FLEEEEING.
   992 | D:2      | 992 ||| STAIRDANCE
  1025 | D:2      | Reached skill level 4 in Axes
  1049 | D:2      | 1049 ||| FLEEEEING.
  1050 | D:2      | 1050 ||| FLEEEEING.
  1051 | D:2      | 1051 ||| FLEEEEING.
  1052 | D:2      | 1052 ||| FLEEEEING.
  1059 | D:2      | 1059 ||| STAIRDANCE
  1094 | D:2      | 1094 ||| STAIRDANCE
  1281 | D:2      | Found Sory's Book Emporium.
  1366 | D:2      | Reached XP level 4. HP: 25/26 MP: 8/8
  1871 | D:2      | Reached skill level 5 in Axes
  1883 | D:2      | 1883 ||| READING scroll labelled SITEUV IBEFFOVELE.
  1884 | D:2      | 1884 ||| READING scroll labelled PYPOAPHOOM.
  1885 | D:2      | 1885 ||| READING 2 scrolls labelled IPPOMU OTEMOEKH.
  1886 | D:2      | 1886 ||| READING scroll labelled OVITAU IDEOGUFU.
  1887 | D:2      | 1887 ||| READING scroll labelled FASHIPP VUDIKO.
  1888 | D:2      | 1888 ||| READING 2 scrolls labelled AWOCWA HOQOMA.
  1892 | D:2      | 1892 ||| DROPPING scroll of immolation.
  1953 | D:3      | Found a glowing golden altar of the Shining One.
  1989 | D:3      | Found a blossoming altar of Fedhas.
  2026 | D:3      | Found a faded altar of an unknown god.
  2109 | D:3      | 2109 ||| DROPPING +0 club.
  2304 | D:3      | 2304 ||| READING scroll of enchant weapon.
  2304 | D:3      | 2304 ||| ENCHANTING +1 hand axe.
  2435 | D:3      | Found an ancient bone altar of Kikubaaqudgha.
  2447 | D:3      | 2447 ||| READING scroll of enchant weapon.
  2447 | D:3      | 2447 ||| ENCHANTING +2 hand axe.
  2664 | D:3      | Gained mutation: Your magical nature lets you fly swiftly
                  | and evasively. [Tengu growth]
  2664 | D:3      | Reached XP level 5. HP: 14/30 MP: 9/9
  3054 | D:3      | 3054 ||| UPGRADING to +0 plate armour.
  3064 | D:3      | 3064 ||| DROPPING +0 chain mail.
  3065 | D:3      | 3065 ||| READING scroll labelled HEUXTAROMM.
  3200 | D:3      | 3200 ||| READING scroll labelled REJYMU ASTRUN.
  3201 | D:3      | 3201 ||| READING scroll labelled ZEUPPUIRPHE.
  3202 | D:3      | 3202 ||| READING scroll labelled ACRODI NERR.
  3282 | D:4      | 3282 ||| Stepping ~*~*~tactically~*~*~ (stealth).
  3294 | D:4      | HP: 2/30 [iguana (10)]
  3295 | D:4      | 3295 ||| READING scroll of teleportation.
  3634 | D:4      | Reached skill level 6 in Axes
  3634 | D:4      | Reached XP level 6. HP: 33/35 MP: 10/10
  3908 | D:4      | 3908 ||| Stepping ~*~*~tactically~*~*~ (stealth).
  3944 | D:4      | Reached skill level 7 in Axes
  4065 | D:4      | 4065 ||| Stepping ~*~*~tactically~*~*~ (stealth).
  4066 | D:4      | 4066 ||| Stepping ~*~*~tactically~*~*~ (stealth).
  4142 | D:4      | 4142 ||| Stepping ~*~*~tactically~*~*~ (stealth).
  4212 | D:4      | 4212 ||| Stepping ~*~*~tactically~*~*~ (stealth).
  4413 | D:4      | 4413 ||| DROPPING +6 ring of intelligence.
  4414 | D:4      | 4414 ||| READING scroll labelled LET USHUBUE.
  4415 | D:4      | 4415 ||| DRINKING 2 fizzy grey potions.
  4416 | D:4      | 4416 ||| DRINKING 2 ruby potions.
  4417 | D:4      | 4417 ||| DROPPING potion of degeneration.
  4418 | D:4      | 4418 ||| DROPPING potion of attraction.
  4441 | D:5      | Entered Level 5 of the Dungeon
  4464 | D:5      | 4464 ||| Stepping ~*~*~tactically~*~*~ (stealth).
  4471 | D:5      | Noticed a black bear
  4477 | D:5      | 4477 ||| Stepping ~*~*~tactically~*~*~ (hiding).
  4489 | D:5      | Killed a black bear
  4490 | D:5      | Reached skill level 3 in Armour
  4490 | D:5      | Reached XP level 7. HP: 13/40 MP: 11/11
  4494 | D:5      | HP: 6/40 [gnoll/+0 spear[a gnoll bouda] (6)]
  4495 | D:5      | HP: 1/40 [gnoll/+0 spear[a gnoll bouda] (5)]
  4501 | D:5      | Slain by a gnoll

Levels and vault maps discovered:
D:1:      dpeg_arrival_orchard, layout_rooms, minmay_shallow_snake_nest
D:2:      layout_basic, serial_shops, shop
D:3:      layout_loops_corners, nicolae_overflow_squiral,
          kiku_gazebo_garden_becter, serial_aquarium, aquarium_bridge_square
          [aquarium_subvault_bridge, aquarium_subvault_wall,
          aquarium_subvault_wall, aquarium_subvault_wall],
          aquarium_bridge_island_small [aquarium_subvault_small_open,
          aquarium_subvault_wall, aquarium_subvault_bridge,
          aquarium_subvault_wall, aquarium_subvault_bridge], aquarium_window_1,
          aquarium_window_corridor_2, aquarium_window_1, aquarium_view_2b,
          aquarium_balcony_double_2, dreamdust_ecumenical_altar_grove
D:4:      layout_loops_ring, chequers_mini_garden
D:5:      layout_loops_ring, chequers_serial_rivers_micro_d

Skill      XL: |  1  2  3  4  5  6 |
---------------+-------------------+-----
Axes           | 3 4 5 6 7 |  7.1
Armour         | 2 3 |  3.7
Fighting       | |  2.8
Throwing       | |  1.0
Dodging        | |  2.1
Spellcasting   | |  2.0
Translocations | |  2.4

Action                   |  1- 3 |  4- 6 |  7- 9 || total
-------------------------+-------+-------+-------++-------
Melee: Hand axe          |    61 |   134 |    11 ||   206
       Peck              |     8 |    14 |     1 ||    23
       Kick              |     9 |    33 |     5 ||    47
       Punch             |       |     1 |       ||     1
Throw: Boomerang         |     7 |    35 |       ||    42
       Javelin           |       |     6 |       ||     6
  Use: Scroll            |     3 |    14 |       ||    17
       Potion            |     1 |     2 |       ||     3
Armor: Leather armour    |     5 |       |       ||     5
       Chain mail        |    32 |    34 |       ||    66
       Plate armour      |       |    51 |     9 ||    60
Dodge: Dodged            |    25 |    30 |     7 ||    62

Table legend:
 A = Non-vault XP
 B = Vault XP
 C = Vault XP percentage of total XP
 D = Non-vault monster count
 E = Vault monster count
 F = Vault count percentage of total count
                 A         B        C        D         E       F
            +---------+---------+-------+---------+---------+-------
      Total |     748 |       0 |   0.0 |      84 |       0 |   0.0
            +---------+---------+-------+---------+---------+-------
        D:1 |      29 |       0 |   0.0 |      17 |       0 |   0.0
        D:2 |      93 |       0 |   0.0 |      25 |       0 |   0.0
        D:3 |      76 |       0 |   0.0 |      16 |       0 |   0.0
        D:4 |     346 |       0 |   0.0 |      17 |       0 |   0.0
        D:5 |     204 |       0 |   0.0 |       9 |       0 |   0.0
            +---------+---------+-------+---------+---------+-------
